Peoria Rivermen vs Philadelphia Phantoms
Created - Thursday, February 5, 2026 at 10:25
Goals
|
| Peoria Rivermen |
0 |
1 |
2 |
3 |
| Philadelphia Phantoms |
0 |
1 |
4 |
5 |
|
Shots
|
| Peoria Rivermen |
9 |
12 |
10 |
31 |
| Philadelphia Phantoms |
3 |
12 |
12 |
27 |
|
1st period
No Goal
Penalties :
Tyler Tucker (PRM) for Tripping (Minor) at 10:51
2nd period
1. Peoria Rivermen , Zachary Bolduc 8 (Oskar Sundqvist 10) at 9:27 (PP)
2. Philadelphia Phantoms , Jacob Quillan 4 (Tyler Kleven 8, Michael Carcone 11) at 12:11
Penalties :
Michael Callahan (PHP) for Roughing (Minor) at 0:30, Jaroslav Chmelar (PHP) for Tripping (Minor) at 9:21
3rd period
3. Philadelphia Phantoms , Matt Rempe 4 (Adam Klapka 8, Luca Del Bel Belluz 12) at 13:04
4. Peoria Rivermen , Nico Sturm 10 (Jonathan Gruden 1, Marc Del Gaizo 3) at 16:16
5. Philadelphia Phantoms , Marc Gatcomb 9 (Samuel Johannesson 11, Tyler Kleven 9) at 16:30
6. Philadelphia Phantoms , Ryan Winterton 6 (Samuel Johannesson 12, Michael Carcone 12) at 17:23
7. Peoria Rivermen , Oskar Sundqvist 10 (Zachary Bolduc 10, Marc Del Gaizo 4) at 18:01 (PP)
8. Philadelphia Phantoms , Jacob Quillan 5 (Luca Del Bel Belluz 13, Tyler Kleven 10) at 19:23 (Empty Net)
Penalties :
Jonas Rondbjerg (PRM) for Tripping (Minor) at 0:05, Jaroslav Chmelar (PHP) for High sticking (Minor) at 7:53, Kai Uchacz (PHP) for Interference (Minor) at 17:47, Jacob Quillan (PHP) for Roughing (Minor) at 19:58
Goalie Stats
Jaxson Stauber (PRM), 22 saves from 26 shots - (0.846), L, 7-7-1, 59:14 minutes
Colten Ellis (PHP), 28 saves from 31 shots - (0.903), W, 3-1-1, 60:00 minutes
Players Stats for Peoria Rivermen
Player Name G A P +/- PIM S H SB GA TA FO MP PP MP PK MP
------------------------------------------------------------------------------------
0 0 0 0 0 0 0 0 0 0 0/0 0:00 0:00 0:00
Colin Blackwell 0 0 0 -1 0 2 0 0 0 0 0/1 16:55 2:46 0:00
Gabriel Szturc 0 0 0 1 0 0 0 0 0 0 0/0 5:46 0:00 0:19
Jalen Chatfield 0 0 0 -4 0 0 1 2 1 1 0/0 23:45 2:36 0:12
John Leonard 0 0 0 -2 0 4 3 0 0 0 0/0 16:58 0:00 1:54
Jonas Rondbjerg 0 0 0 -1 2 1 0 1 0 1 0/1 16:56 2:46 0:00
Jonathan Gruden 0 1 1 1 0 0 0 0 0 0 0/0 2:01 0:00 0:00
Marc Del Gaizo 0 2 2 -1 0 4 0 3 1 2 0/0 20:23 1:43 2:24
Matthew Sop 0 0 0 -1 0 0 1 0 0 1 0/0 7:32 0:00 0:00
Nick Leddy 0 0 0 -1 0 0 0 1 0 1 0/0 20:02 1:43 1:48
Nico Sturm 1 0 1 -1 0 3 1 0 1 0 1/5 17:17 0:00 1:51
Oskar Sundqvist 1 1 2 -1 0 6 3 2 0 0 7/11 15:54 1:33 0:00
Riley Duran 0 0 0 -2 0 0 0 0 0 0 0/0 16:56 0:00 1:52
Sean Walker 0 0 0 -4 0 2 3 1 0 0 0/0 24:04 2:36 0:46
Tyler Tucker 0 0 0 1 2 0 4 0 0 1 0/0 15:48 0:00 0:48
Tyson Kozak 0 0 0 -2 0 1 2 2 1 0 8/12 21:17 1:33 1:48
Yanni Gourde 0 0 0 -2 0 4 2 0 1 0 9/17 22:16 2:46 0:12
Yegor Zamula 0 0 0 1 0 0 0 0 0 0 0/0 16:16 0:00 1:58
Zachary Bolduc 1 1 2 -1 0 4 2 1 1 0 0/2 15:54 1:33 0:00
Players Stats for Philadelphia Phantoms
Player Name G A P +/- PIM S H SB GA TA FO MP PP MP PK MP
------------------------------------------------------------------------------------
0 0 0 0 0 0 0 0 0 0 0/0 0:00 0:00 0:00
Adam Klapka 0 1 1 0 0 0 1 0 1 0 0/0 11:03 1:51 0:03
Albert Johansson 0 0 0 1 0 2 0 1 0 2 0/0 20:54 2:05 2:45
Dylan Coghlan 0 0 0 0 0 0 2 0 0 1 0/0 10:12 1:16 1:03
Jacob Quillan 2 0 2 3 2 6 1 1 0 0 8/18 20:21 1:55 2:09
Jaroslav Chmelar 0 0 0 2 4 1 3 1 0 0 0/2 16:07 0:00 1:15
Kai Uchacz 0 0 0 1 2 0 1 0 0 0 3/9 13:34 0:00 0:00
Luca Del Bel Belluz 0 2 2 1 0 0 2 2 0 1 11/15 18:21 2:02 2:07
Marc Gatcomb 1 0 1 1 0 3 2 1 0 0 0/0 14:54 1:53 0:00
Marcel Marcel 0 0 0 0 0 0 2 0 0 0 0/2 9:27 0:00 0:00
Matt Rempe 1 0 1 0 0 1 1 0 1 0 0/0 9:27 0:00 0:00
Michael Callahan 0 0 0 0 2 0 0 1 0 0 0/0 19:12 0:00 1:01
Michael Carcone 0 2 2 2 0 3 3 0 1 0 1/1 15:38 1:55 0:00
Nils Aman 0 0 0 0 0 4 0 0 0 0 0/0 16:43 1:53 0:53
Ryan Johnson 0 0 0 1 0 0 1 1 0 0 0/0 23:18 0:49 1:34
Ryan Winterton 1 0 1 2 0 3 1 1 3 0 0/1 16:09 0:10 2:07
Samuel Johannesson 0 2 2 2 0 1 0 0 0 0 0/0 20:42 1:53 0:00
Tye Kartye 0 0 0 0 0 1 0 1 0 0 1/1 14:29 0:15 0:04
Tyler Kleven 0 3 3 4 0 2 1 0 1 2 0/0 25:05 1:53 2:15
3 Stars
1 - Tyler Kleven (PHP)
2 - Jacob Quillan (PHP)
3 - Michael Carcone (PHP)
Power Play
Peoria Rivermen - 2 on 5 Attempt(s) - 40.00%
Philadelphia Phantoms - 0 on 2 Attempt(s) - 0.00%
Penalty Kill
Peoria Rivermen - 2 on 2 Attempt(s) - 100.00%
- Score 0 goal in Penalty Kill
Philadelphia Phantoms - 3 on 5 Attempt(s) - 60.00%
- Score 0 goal in Penalty Kill
Team Stat
Peoria Rivermen - Hits : 22 - Faceoff Wins : 25 - Blocked Shots : 13 - Penalty Minutes : 4
Philadelphia Phantoms - Hits : 21 - Faceoff Wins : 24 - Blocked Shots : 10 - Penalty Minutes : 10
Official
Referees : Frederick L'Ecuyer and Peter Macdougall
Linesman : Kilian McNamara and Jonathan Deschamps
Game Notes
Dylan Coghlan is injured at 8:12 of 2nd period (Sprained Right Ankle)
Jacob Quillan has scored in a empty net!
Peoria Rivermen
5 vs 5 Forward
Center Left Wing Right Wing Time % Phy DF OF
1 Yanni Gourde Colin Blackwell Jonas Rondbjerg 30 1 2 2
2 Oskar Sundqvist Zachary Bolduc Tyson Kozak 30 1 2 2
3 Nico Sturm John Leonard Riley Duran 25 1 2 2
4 Tyson Kozak Matthew Sop Yanni Gourde 15 1 2 2
5 vs 5 Defense
Defense Defense Time % Phy DF OF
1 Sean Walker Jalen Chatfield 30 1 2 2
2 Marc Del Gaizo Nick Leddy 30 1 2 2
3 Yegor Zamula Tyler Tucker 25 1 2 2
4 Sean Walker Jalen Chatfield 15 1 2 2
PowerPlay Forward
Center Left Wing Right Wing Time % Phy DF OF
1 Yanni Gourde Colin Blackwell Jonas Rondbjerg 50 1 2 2
2 Oskar Sundqvist Zachary Bolduc Tyson Kozak 50 1 2 2
PowerPlay Defense
Defense Defense Time % Phy DF OF
1 Sean Walker Jalen Chatfield 50 1 2 2
2 Marc Del Gaizo Nick Leddy 50 1 2 2
Penalty Kill 4 Players Forward
Center Wing Time % Phy DF OF
1 Nico Sturm John Leonard 50 1 2 2
2 Tyson Kozak Riley Duran 50 1 2 2
Penalty Kill 4 Players Defense
Defense Defense Time % Phy DF OF
1 Yegor Zamula Tyler Tucker 50 1 2 2
2 Marc Del Gaizo Nick Leddy 50 1 2 2
Penalty Kill - 3 Players Forward
Forward Time % Phy DF OF
1 Yanni Gourde 50 1 2 2
2 Colin Blackwell 50 1 2 2
Penalty Kill - 3 Players Defense
Defense Defense Time % Phy DF OF
1 Sean Walker Jalen Chatfield 50 1 2 2
2 Marc Del Gaizo Nick Leddy 50 1 2 2
4 vs 4 Forward
Center Wing Time % Phy DF OF
1 Yanni Gourde Colin Blackwell 50 1 2 2
2 Oskar Sundqvist Zachary Bolduc 50 1 2 2
4 vs 4 Defense
Defense Defense Time % Phy DF OF
1 Sean Walker Jalen Chatfield 50 1 2 2
2 Marc Del Gaizo Nick Leddy 50 1 2 2
Last Minutes Offensive
Center Left Wing Right Wing Defense Defense
Yanni Gourde Colin Blackwell Jonas Rondbjerg Sean Walker Jalen Chatfield
Last Minutes Defensive
Center Left Wing Right Wing Defense Defense
Yanni Gourde Colin Blackwell Jonas Rondbjerg Sean Walker Jalen Chatfield
Goaltenders
Starting : Jaxson Stauber
Backup : Unknown Goalie
Extra Forwards
Normal : Gabriel Szturc, Jonathan Gruden, Nico Sturm - PP : Gabriel Szturc, Jonathan Gruden - PK : Nico Sturm
Extra Defensemen
Normal : Yegor Zamula, Tyler Tucker, Marc Del Gaizo - PP : Yegor Zamula - PK : Tyler Tucker, Marc Del Gaizo
Penalty Shots
Yanni Gourde, Colin Blackwell, Oskar Sundqvist, Zachary Bolduc, Nico Sturm
Scratches
Ryan Ufko (Healthy), Victor Soderstrom (Healthy), Tanner Fritz (Healthy), Matt Kessel (Healthy), Will Cranley (Healthy)
Philadelphia Phantoms
5 vs 5 Forward
Center Left Wing Right Wing Time % Phy DF OF
1 Luca Del Bel Belluz Nils Aman Tye Kartye 30 1 2 2
2 Jacob Quillan Michael Carcone Ryan Winterton 30 1 2 2
3 Kai Uchacz Marc Gatcomb Jaroslav Chmelar 25 1 2 2
4 Marcel Marcel Adam Klapka Matt Rempe 15 1 2 2
5 vs 5 Defense
Defense Defense Time % Phy DF OF
1 Samuel Johannesson Tyler Kleven 35 1 2 2
2 Albert Johansson Ryan Johnson 35 1 2 2
3 Michael Callahan Dylan Coghlan 30 1 2 2
4 Samuel Johannesson Tyler Kleven 0 1 2 2
PowerPlay Forward
Center Left Wing Right Wing Time % Phy DF OF
1 Luca Del Bel Belluz Marc Gatcomb Nils Aman 50 1 2 2
2 Jacob Quillan Adam Klapka Michael Carcone 50 1 2 2
PowerPlay Defense
Defense Defense Time % Phy DF OF
1 Dylan Coghlan Albert Johansson 50 1 2 2
2 Samuel Johannesson Tyler Kleven 50 1 2 2
Penalty Kill 4 Players Forward
Center Wing Time % Phy DF OF
1 Jacob Quillan Jaroslav Chmelar 50 1 2 2
2 Luca Del Bel Belluz Ryan Winterton 50 1 2 2
Penalty Kill 4 Players Defense
Defense Defense Time % Phy DF OF
1 Albert Johansson Tyler Kleven 50 1 2 2
2 Dylan Coghlan Michael Callahan 50 1 2 2
Penalty Kill - 3 Players Forward
Forward Time % Phy DF OF
1 Jacob Quillan 50 1 2 2
2 Jaroslav Chmelar 50 1 2 2
Penalty Kill - 3 Players Defense
Defense Defense Time % Phy DF OF
1 Albert Johansson Tyler Kleven 50 1 2 2
2 Dylan Coghlan Michael Callahan 50 1 2 2
4 vs 4 Forward
Center Wing Time % Phy DF OF
1 Luca Del Bel Belluz Nils Aman 50 1 2 2
2 Jacob Quillan Michael Carcone 50 1 2 2
4 vs 4 Defense
Defense Defense Time % Phy DF OF
1 Samuel Johannesson Tyler Kleven 50 1 2 2
2 Albert Johansson Dylan Coghlan 50 1 2 2
Last Minutes Offensive
Center Left Wing Right Wing Defense Defense
Luca Del Bel Belluz Marc Gatcomb Nils Aman Dylan Coghlan Albert Johansson
Last Minutes Defensive
Center Left Wing Right Wing Defense Defense
Jacob Quillan Jaroslav Chmelar Luca Del Bel Belluz Albert Johansson Tyler Kleven
Goaltenders
Starting : Colten Ellis
Backup : Isaac Poulter
Extra Forwards
Normal : Luca Del Bel Belluz, Jacob Quillan, Marc Gatcomb - PP : Luca Del Bel Belluz, Jacob Quillan - PK : Jacob Quillan
Extra Defensemen
Normal : Tyler Kleven, Dylan Coghlan, Samuel Johannesson - PP : Samuel Johannesson - PK : Albert Johansson, Dylan Coghlan
Penalty Shots
Jacob Quillan, Kai Uchacz, Dylan Coghlan, Jaroslav Chmelar, Marcel Marcel
Scratches
Chase Bradley (Healthy), Noah Laba (Healthy), Sam Lipkin (Healthy), Parker Bell (Healthy), Gavin Hayes (Healthy)
Anton Johansson (Healthy), Noel Gunler (Healthy)
% Time on Ice - Peoria Rivermen
Lines # - Real PCT - Wanted PCT - Time Play
Normal Forward
1 - 27% - 30% - 13:51
2 - 29% - 30% - 14:39
3 - 29% - 25% - 15:04
4 - 15% - 15% - 7:32
Normal Defense
1 - 30% - 30% - 15:07
2 - 32% - 30% - 16:07
3 - 27% - 25% - 13:33
4 - 12% - 15% - 6:19
PP Forward
1 - 64% - 50% - 2:46
2 - 36% - 50% - 1:33
PP Defense
1 - 60% - 50% - 2:36
2 - 40% - 50% - 1:43
PK Forward
1 - 50% - 50% - 1:59
2 - 50% - 50% - 1:59
PK Defense
1 - 55% - 50% - 2:10
2 - 45% - 50% - 1:48
PK3 Forward
1 - 0% - 50%
2 - 0% - 50%
PK3 Defense
1 - 0% - 50%
2 - 0% - 50%
44 Forward
1 - 0% - 50%
2 - 0% - 50%
44 Defense
1 - 0% - 50%
2 - 0% - 50%
Last Minute Offensive - 0:37
Last Minute Defensive - 0:00
Total
Forward - 60:00
Defense - 60:00
|
% Time on Ice - Philadelphia Phantoms
Lines # - Real PCT - Wanted PCT - Time Play
Normal Forward
1 - 28% - 30% - 14:19
2 - 27% - 30% - 13:46
3 - 27% - 25% - 13:35
4 - 18% - 15% - 9:27
Normal Defense
1 - 30% - 35% - 15:13
2 - 30% - 35% - 15:19
3 - 39% - 30% - 19:47
4 - 2% - 0% - 0:48
PP Forward
1 - 51% - 50% - 2:02
2 - 49% - 50% - 1:56
PP Defense
1 - 53% - 50% - 2:05
2 - 47% - 50% - 1:53
PK Forward
1 - 51% - 50% - 2:12
2 - 49% - 50% - 2:07
PK Defense
1 - 52% - 50% - 2:15
2 - 48% - 50% - 2:04
PK3 Forward
1 - 0% - 50%
2 - 0% - 50%
PK3 Defense
1 - 0% - 50%
2 - 0% - 50%
44 Forward
1 - 0% - 50%
2 - 0% - 50%
44 Defense
1 - 0% - 50%
2 - 0% - 50%
Last Minute Offensive - 0:00
Last Minute Defensive - 0:36
Total
Forward - 60:00
Defense - 60:00
|
Play-by-Play
1st period
0:01 of 1st period - Luca Del Bel Belluz wins face-off versus Yanni Gourde in neutral zone.
0:14 of 1st period - Tyler Kleven is hit by Yanni Gourde and loses puck.
0:32 of 1st period - Snap shot by Oskar Sundqvist.
0:32 of 1st period - Stopped by Colten Ellis with a rebound.
0:34 of 1st period - Snap shot by Oskar Sundqvist.
0:34 of 1st period - Shot Hit the Post.
0:50 of 1st period - Snap shot by Kai Uchacz.
0:50 of 1st period - Shot Misses the Net.
0:54 of 1st period - Slapshot by Jaroslav Chmelar.
0:54 of 1st period - Shot Blocked by Marc Del Gaizo.
1:22 of 1st period - John Leonard is hit by Matt Rempe and loses puck.
1:33 of 1st period - Wrist shot by Yanni Gourde.
1:33 of 1st period - Shot Blocked by Luca Del Bel Belluz.
1:35 of 1st period - Snap shot by Tyson Kozak.
1:35 of 1st period - Stopped by Colten Ellis with a rebound.
1:37 of 1st period - Snap shot by Marc Del Gaizo.
1:37 of 1st period - Shot Blocked by Tye Kartye.
1:55 of 1st period - Jonas Rondbjerg is hit by Dylan Coghlan and loses puck.
2:16 of 1st period - Yegor Zamula is hit by Dylan Coghlan.
4:02 of 1st period - Luca Del Bel Belluz is hit by Sean Walker and loses puck.
5:29 of 1st period - Slapshot by Michael Carcone.
5:29 of 1st period - Stopped by Jaxson Stauber with a rebound.
5:35 of 1st period - Nick Leddy is hit by Michael Carcone and loses puck.
6:38 of 1st period - Slapshot by Nils Aman.
6:38 of 1st period - Stopped by Jaxson Stauber without a rebound.
6:39 of 1st period - Luca Del Bel Belluz wins face-off versus Zachary Bolduc in Peoria Rivermen zone.
6:44 of 1st period - Snap shot by Luca Del Bel Belluz.
6:44 of 1st period - Shot Misses the Net.
6:46 of 1st period - Snap shot by Ryan Johnson.
6:46 of 1st period - Shot Blocked by Oskar Sundqvist.
6:48 of 1st period - Snap shot by Tye Kartye.
6:48 of 1st period - Shot Misses the Net.
6:50 of 1st period - Snap shot by Luca Del Bel Belluz.
6:50 of 1st period - Deflect By Tye Kartye.
6:50 of 1st period - Shot Misses the Net.
6:50 of 1st period - Puck is out of play.
6:51 of 1st period - Jacob Quillan wins face-off versus Yanni Gourde in Peoria Rivermen zone.
7:22 of 1st period - Wrist shot by John Leonard.
7:22 of 1st period - Stopped by Colten Ellis with a rebound.
7:37 of 1st period - Snap shot by Marc Gatcomb.
7:37 of 1st period - Stopped by Jaxson Stauber with a rebound.
7:39 of 1st period - Snap shot by Jaroslav Chmelar.
7:39 of 1st period - Shot Blocked by Tyson Kozak.
7:59 of 1st period - Wrist shot by Adam Klapka.
7:59 of 1st period - Deflect By Matt Rempe.
7:59 of 1st period - Shot Misses the Net.
7:59 of 1st period - Puck is out of play.
8:00 of 1st period - Nico Sturm wins face-off versus Marcel Marcel in Peoria Rivermen zone.
8:00 of 1st period - Nico Sturm is hit by Marcel Marcel.
8:16 of 1st period - Slapshot by Adam Klapka.
8:16 of 1st period - Shot Misses the Net.
8:26 of 1st period - John Leonard is hit by Ryan Johnson and loses puck.
8:59 of 1st period - Slapshot by John Leonard.
8:59 of 1st period - Stopped by Colten Ellis without a rebound.
9:00 of 1st period - Jacob Quillan wins face-off versus Yanni Gourde in Philadelphia Phantoms zone.
10:23 of 1st period - Slapshot by Ryan Winterton.
10:23 of 1st period - Shot Misses the Net.
10:51 of 1st period - Minor Penalty to Tyler Tucker for Tripping.
10:52 of 1st period - Luca Del Bel Belluz wins face-off versus Tyson Kozak in Peoria Rivermen zone.
11:07 of 1st period - Snap shot by Nico Sturm.
11:07 of 1st period - Stopped by Colten Ellis with a rebound.
11:23 of 1st period - Tyson Kozak is hit by Michael Carcone and loses puck.
12:51 of 1st period - Penalty to Tyler Tucker is over, Tyler Tucker is back on ice.
13:29 of 1st period - Slapshot by Colin Blackwell.
13:29 of 1st period - Stopped by Colten Ellis with a rebound.
14:18 of 1st period - Yanni Gourde is hit by Jaroslav Chmelar.
16:53 of 1st period - Jaroslav Chmelar is hit by John Leonard and loses puck.
17:08 of 1st period - Nils Aman is hit by Oskar Sundqvist and loses puck.
17:40 of 1st period - Sean Walker is hit by Michael Carcone and loses puck.
18:04 of 1st period - Marcel Marcel is hit by Tyler Tucker and loses puck.
18:36 of 1st period - Icing by Luca Del Bel Belluz.
18:37 of 1st period - Luca Del Bel Belluz wins face-off versus Nico Sturm in Philadelphia Phantoms zone.
18:37 of 1st period - Luca Del Bel Belluz is hit by John Leonard.
18:43 of 1st period - Snap shot by John Leonard.
18:43 of 1st period - Shot Misses the Net.
18:45 of 1st period - Snap shot by John Leonard.
18:45 of 1st period - Shot Blocked by Luca Del Bel Belluz.
18:52 of 1st period - Icing by Nils Aman.
18:53 of 1st period - Yanni Gourde wins face-off versus Jacob Quillan in Philadelphia Phantoms zone.
19:00 of 1st period - Slapshot by Colin Blackwell.
19:00 of 1st period - Stopped by Colten Ellis with a rebound.
19:43 of 1st period - Snap shot by John Leonard.
19:43 of 1st period - Stopped by Colten Ellis without a rebound.
19:44 of 1st period - Yanni Gourde wins face-off versus Kai Uchacz in Philadelphia Phantoms zone.
19:45 of 1st period - Snap shot by Colin Blackwell.
19:45 of 1st period - Deflect By Yanni Gourde.
19:45 of 1st period - Stopped by Colten Ellis without a rebound.
19:46 of 1st period - Yanni Gourde wins face-off versus Jacob Quillan in Philadelphia Phantoms zone.
Goals for this period are 0 for Peoria Rivermen vs 0 for Philadelphia Phantoms.
Shots for this period are 9 for Peoria Rivermen vs 3 for Philadelphia Phantoms.
2nd period
0:01 of 2nd period - Jacob Quillan wins face-off versus Tyson Kozak in neutral zone.
0:10 of 2nd period - Slapshot by Michael Carcone.
0:10 of 2nd period - Shot Blocked by Jalen Chatfield.
0:20 of 2nd period - Tyson Kozak is hit by Ryan Winterton and loses puck.
0:30 of 2nd period - Minor Penalty to Michael Callahan for Roughing.
0:31 of 2nd period - Yanni Gourde wins face-off versus Jacob Quillan in Philadelphia Phantoms zone.
0:33 of 2nd period - Wrist shot by Colin Blackwell.
0:33 of 2nd period - Shot Misses the Net.
0:46 of 2nd period - Icing by Jalen Chatfield.
0:47 of 2nd period - Luca Del Bel Belluz wins face-off versus Colin Blackwell in Peoria Rivermen zone.
2:12 of 2nd period - Slapshot by Colin Blackwell.
2:12 of 2nd period - Shot Misses the Net.
2:21 of 2nd period - Off-side.
2:22 of 2nd period - Oskar Sundqvist wins face-off versus Luca Del Bel Belluz in neutral zone.
2:30 of 2nd period - Penalty to Michael Callahan is over, Michael Callahan is back on ice.
2:37 of 2nd period - Snap shot by Jacob Quillan.
2:37 of 2nd period - Shot Misses the Net.
2:48 of 2nd period - Slapshot by Dylan Coghlan.
2:48 of 2nd period - Shot Blocked by Nick Leddy.
2:50 of 2nd period - Slapshot by Dylan Coghlan.
2:50 of 2nd period - Shot Misses the Net.
2:52 of 2nd period - Wrist shot by Jacob Quillan.
2:52 of 2nd period - Stopped by Jaxson Stauber with a rebound.
2:54 of 2nd period - Slapshot by Jacob Quillan.
2:54 of 2nd period - Stopped by Jaxson Stauber with a rebound.
2:56 of 2nd period - Snap shot by Jacob Quillan.
2:56 of 2nd period - Stopped by Jaxson Stauber with a rebound.
2:58 of 2nd period - Wrist shot by Jacob Quillan.
2:58 of 2nd period - Shot Blocked by Tyson Kozak.
3:00 of 2nd period - Wrist shot by Michael Callahan.
3:00 of 2nd period - Deflect By Jacob Quillan.
3:00 of 2nd period - Shot Blocked by Marc Del Gaizo.
3:00 of 2nd period - Puck is out of play.
3:01 of 2nd period - Tye Kartye wins face-off versus Nico Sturm in Peoria Rivermen zone.
4:16 of 2nd period - Snap shot by Nils Aman.
4:16 of 2nd period - Shot Blocked by Zachary Bolduc.
4:18 of 2nd period - Wrist shot by Albert Johansson.
4:18 of 2nd period - Stopped by Jaxson Stauber with a rebound.
4:20 of 2nd period - Snap shot by Nils Aman.
4:20 of 2nd period - Shot Blocked by Marc Del Gaizo.
4:38 of 2nd period - Colin Blackwell is hit by Marc Gatcomb and loses puck.
5:14 of 2nd period - Luca Del Bel Belluz is hit by Tyler Tucker and loses puck.
6:25 of 2nd period - Wrist shot by Nils Aman.
6:25 of 2nd period - Stopped by Jaxson Stauber without a rebound.
6:26 of 2nd period - Tyson Kozak wins face-off versus Kai Uchacz in Peoria Rivermen zone.
6:26 of 2nd period - Tyson Kozak is hit by Marc Gatcomb.
6:32 of 2nd period - Kai Uchacz is hit by Matthew Sop and loses puck.
6:41 of 2nd period - Slapshot by Tyler Kleven.
6:41 of 2nd period - Stopped by Jaxson Stauber with a rebound.
7:03 of 2nd period - Wrist shot by Ryan Winterton.
7:03 of 2nd period - Stopped by Jaxson Stauber without a rebound.
7:04 of 2nd period - Luca Del Bel Belluz wins face-off versus Nico Sturm in Peoria Rivermen zone.
7:05 of 2nd period - Wrist shot by Tye Kartye.
7:05 of 2nd period - Shot Blocked by Sean Walker.
7:13 of 2nd period - Nils Aman is hit by Sean Walker and loses puck.
7:48 of 2nd period - Wrist shot by Marc Gatcomb.
7:48 of 2nd period - Stopped by Jaxson Stauber with a rebound.
8:11 of 2nd period - Dylan Coghlan is hit by Oskar Sundqvist and loses puck.
8:12 of 2nd period - Dylan Coghlan from Philadelphia Phantoms is injured at 8:12 of 2nd period (Sprained Right Ankle).
8:13 of 2nd period - Yanni Gourde wins face-off versus Jacob Quillan in Philadelphia Phantoms zone.
9:15 of 2nd period - Snap shot by Nico Sturm.
9:15 of 2nd period - Shot Blocked by Marc Gatcomb.
9:21 of 2nd period - Minor Penalty to Jaroslav Chmelar for Tripping.
9:22 of 2nd period - Oskar Sundqvist wins face-off versus Luca Del Bel Belluz in Philadelphia Phantoms zone.
9:23 of 2nd period - Snap shot by Zachary Bolduc.
9:23 of 2nd period - Shot Misses the Net.
9:25 of 2nd period - Wrist shot by Zachary Bolduc.
9:25 of 2nd period - Shot Blocked by Ryan Winterton.
9:27 of 2nd period - Snap shot by Zachary Bolduc.
9:27 of 2nd period - Goal by Zachary Bolduc - Peoria Rivermen : 1 - Philadelphia Phantoms : 0.
9:28 of 2nd period - Yanni Gourde wins face-off versus Jacob Quillan in neutral zone.
10:02 of 2nd period - Wrist shot by Zachary Bolduc.
10:02 of 2nd period - Deflect By Tyson Kozak.
10:02 of 2nd period - Shot Misses the Net.
10:02 of 2nd period - Puck is out of play.
10:03 of 2nd period - Oskar Sundqvist wins face-off versus Ryan Winterton in Philadelphia Phantoms zone.
10:04 of 2nd period - Wrist shot by Zachary Bolduc.
10:04 of 2nd period - Stopped by Colten Ellis with a rebound.
10:06 of 2nd period - Slapshot by Tyler Tucker.
10:06 of 2nd period - Shot Misses the Net.
10:08 of 2nd period - Snap shot by Oskar Sundqvist.
10:08 of 2nd period - Stopped by Colten Ellis with a rebound.
10:10 of 2nd period - Snap shot by Zachary Bolduc.
10:10 of 2nd period - Stopped by Colten Ellis without a rebound.
10:11 of 2nd period - Jacob Quillan wins face-off versus Oskar Sundqvist in Philadelphia Phantoms zone.
10:18 of 2nd period - Snap shot by Ryan Winterton.
10:18 of 2nd period - Shot Misses the Net.
10:20 of 2nd period - Wrist shot by Jacob Quillan.
10:20 of 2nd period - Deflect By Ryan Winterton.
10:20 of 2nd period - Stopped by Jaxson Stauber with a rebound.
10:22 of 2nd period - Wrist shot by Ryan Winterton.
10:22 of 2nd period - Shot Blocked by Oskar Sundqvist.
10:24 of 2nd period - Snap shot by Jacob Quillan.
10:24 of 2nd period - Stopped by Jaxson Stauber without a rebound.
10:25 of 2nd period - Yanni Gourde wins face-off versus Luca Del Bel Belluz in Peoria Rivermen zone.
10:59 of 2nd period - Ryan Johnson is hit by Nico Sturm and loses puck.
11:39 of 2nd period - Snap shot by Yanni Gourde.
11:39 of 2nd period - Shot Blocked by Albert Johansson.
11:53 of 2nd period - Snap shot by Nico Sturm.
11:53 of 2nd period - Shot Misses the Net.
12:09 of 2nd period - Slapshot by Michael Carcone.
12:09 of 2nd period - Shot Misses the Net.
12:11 of 2nd period - Wrist shot by Tyler Kleven.
12:11 of 2nd period - Deflect By Jacob Quillan.
12:11 of 2nd period - Goal by Jacob Quillan - Peoria Rivermen : 1 - Philadelphia Phantoms : 1.
12:12 of 2nd period - Jacob Quillan wins face-off versus Yanni Gourde in neutral zone.
12:22 of 2nd period - Snap shot by Sean Walker.
12:22 of 2nd period - Stopped by Colten Ellis with a rebound.
12:53 of 2nd period - Nils Aman is hit by Oskar Sundqvist and loses puck.
13:04 of 2nd period - Nico Sturm is hit by Kai Uchacz and loses puck.
13:11 of 2nd period - Backhand shot by Jaroslav Chmelar.
13:11 of 2nd period - Stopped by Jaxson Stauber with a rebound.
13:56 of 2nd period - Michael Callahan is hit by Tyler Tucker and loses puck.
14:04 of 2nd period - Icing by Ryan Johnson.
14:05 of 2nd period - Oskar Sundqvist wins face-off versus Kai Uchacz in Philadelphia Phantoms zone.
14:08 of 2nd period - Wrist shot by Zachary Bolduc.
14:08 of 2nd period - Shot Blocked by Jaroslav Chmelar.
14:10 of 2nd period - Slapshot by Sean Walker.
14:10 of 2nd period - Shot Misses the Net.
14:12 of 2nd period - Wrist shot by Jonas Rondbjerg.
14:12 of 2nd period - Stopped by Colten Ellis with a rebound.
14:14 of 2nd period - Snap shot by Yanni Gourde.
14:14 of 2nd period - Stopped by Colten Ellis with a rebound.
14:38 of 2nd period - Michael Callahan is hit by John Leonard and loses puck.
14:57 of 2nd period - Snap shot by Oskar Sundqvist.
14:57 of 2nd period - Stopped by Colten Ellis without a rebound.
14:58 of 2nd period - Tyson Kozak wins face-off versus Jacob Quillan in Philadelphia Phantoms zone.
15:03 of 2nd period - Snap shot by Oskar Sundqvist.
15:03 of 2nd period - Stopped by Colten Ellis with a rebound.
15:15 of 2nd period - Wrist shot by Oskar Sundqvist.
15:15 of 2nd period - Shot Misses the Net.
15:32 of 2nd period - Off-side.
15:33 of 2nd period - Yanni Gourde wins face-off versus Luca Del Bel Belluz in neutral zone.
15:36 of 2nd period - Slapshot by Marc Del Gaizo.
15:36 of 2nd period - Stopped by Colten Ellis without a rebound.
15:37 of 2nd period - Kai Uchacz wins face-off versus Yanni Gourde in Philadelphia Phantoms zone.
17:26 of 2nd period - Tyler Tucker is hit by Luca Del Bel Belluz and loses puck.
18:27 of 2nd period - Slapshot by Sean Walker.
18:27 of 2nd period - Deflect By Jacob Quillan.
18:27 of 2nd period - Stopped by Colten Ellis without a rebound.
18:28 of 2nd period - Oskar Sundqvist wins face-off versus Jacob Quillan in Philadelphia Phantoms zone.
18:37 of 2nd period - Slapshot by Oskar Sundqvist.
18:37 of 2nd period - Stopped by Colten Ellis with a rebound.
19:11 of 2nd period - Icing by Colin Blackwell.
19:12 of 2nd period - Kai Uchacz wins face-off versus Nico Sturm in Peoria Rivermen zone.
19:15 of 2nd period - Snap shot by Kai Uchacz.
19:15 of 2nd period - Shot Misses the Net.
19:17 of 2nd period - Slapshot by Michael Callahan.
19:17 of 2nd period - Shot Misses the Net.
19:40 of 2nd period - Nico Sturm is hit by Jaroslav Chmelar.
19:52 of 2nd period - Sean Walker is hit by Tyler Kleven and loses puck.
Goals for this period are 1 for Peoria Rivermen vs 1 for Philadelphia Phantoms.
Shots for this period are 12 for Peoria Rivermen vs 12 for Philadelphia Phantoms.
3rd period
0:01 of 3rd period - Luca Del Bel Belluz wins face-off versus Yanni Gourde in neutral zone.
0:05 of 3rd period - Minor Penalty to Jonas Rondbjerg for Tripping.
0:06 of 3rd period - Tyson Kozak wins face-off versus Jacob Quillan in Peoria Rivermen zone.
0:35 of 3rd period - Snap shot by Tyler Kleven.
0:35 of 3rd period - Shot Misses the Net.
0:37 of 3rd period - Snap shot by Nils Aman.
0:37 of 3rd period - Shot Misses the Net.
0:39 of 3rd period - Snap shot by Marc Gatcomb.
0:39 of 3rd period - Shot Hit the Post.
0:41 of 3rd period - Slapshot by Tyler Kleven.
0:41 of 3rd period - Stopped by Jaxson Stauber with a rebound.
1:14 of 3rd period - Nico Sturm is hit by Luca Del Bel Belluz and loses puck.
2:05 of 3rd period - Penalty to Jonas Rondbjerg is over, Jonas Rondbjerg is back on ice.
3:30 of 3rd period - Riley Duran is hit by Marcel Marcel and loses puck.
5:05 of 3rd period - Matt Rempe is hit by Tyson Kozak and loses puck.
5:24 of 3rd period - Jacob Quillan is hit by Zachary Bolduc and loses puck.
5:55 of 3rd period - Jaroslav Chmelar is hit by Zachary Bolduc.
6:02 of 3rd period - Icing by Jaroslav Chmelar.
6:03 of 3rd period - Luca Del Bel Belluz wins face-off versus Yanni Gourde in Philadelphia Phantoms zone.
6:24 of 3rd period - Snap shot by John Leonard.
6:24 of 3rd period - Stopped by Colten Ellis without a rebound.
6:25 of 3rd period - Oskar Sundqvist wins face-off versus Marcel Marcel in Philadelphia Phantoms zone.
6:28 of 3rd period - Slapshot by Zachary Bolduc.
6:28 of 3rd period - Stopped by Colten Ellis without a rebound.
6:29 of 3rd period - Luca Del Bel Belluz wins face-off versus Oskar Sundqvist in Philadelphia Phantoms zone.
7:14 of 3rd period - Wrist shot by Luca Del Bel Belluz.
7:14 of 3rd period - Shot Misses the Net.
7:16 of 3rd period - Snap shot by Tye Kartye.
7:16 of 3rd period - Stopped by Jaxson Stauber with a rebound.
7:18 of 3rd period - Backhand shot by Nils Aman.
7:18 of 3rd period - Stopped by Jaxson Stauber with a rebound.
7:20 of 3rd period - Snap shot by Nils Aman.
7:20 of 3rd period - Stopped by Jaxson Stauber without a rebound.
7:21 of 3rd period - Jacob Quillan wins face-off versus Tyson Kozak in Peoria Rivermen zone.
7:22 of 3rd period - Snap shot by Michael Carcone.
7:22 of 3rd period - Stopped by Jaxson Stauber with a rebound.
7:24 of 3rd period - Slapshot by Albert Johansson.
7:24 of 3rd period - Stopped by Jaxson Stauber without a rebound.
7:25 of 3rd period - Tyson Kozak wins face-off versus Jacob Quillan in Peoria Rivermen zone.
7:53 of 3rd period - Minor Penalty to Jaroslav Chmelar for High sticking.
7:54 of 3rd period - Jacob Quillan wins face-off versus Oskar Sundqvist in Philadelphia Phantoms zone.
8:05 of 3rd period - Off-side.
8:06 of 3rd period - Luca Del Bel Belluz wins face-off versus Oskar Sundqvist in neutral zone.
8:31 of 3rd period - Jacob Quillan is hit by Yanni Gourde.
9:53 of 3rd period - Penalty to Jaroslav Chmelar is over, Jaroslav Chmelar is back on ice.
11:13 of 3rd period - Yanni Gourde is hit by Jacob Quillan.
12:07 of 3rd period - Colin Blackwell is hit by Jaroslav Chmelar.
13:04 of 3rd period - Wrist shot by Matt Rempe.
13:04 of 3rd period - Goal by Matt Rempe - Peoria Rivermen : 1 - Philadelphia Phantoms : 2.
13:05 of 3rd period - Jacob Quillan wins face-off versus Jonas Rondbjerg in neutral zone.
13:08 of 3rd period - Snap shot by Ryan Winterton.
13:08 of 3rd period - Shot Blocked by Jonas Rondbjerg.
13:15 of 3rd period - Snap shot by Yanni Gourde.
13:15 of 3rd period - Shot Blocked by Jacob Quillan.
13:17 of 3rd period - Slapshot by Jalen Chatfield.
13:17 of 3rd period - Deflect By Yanni Gourde.
13:17 of 3rd period - Stopped by Colten Ellis with a rebound.
13:53 of 3rd period - Slapshot by Jalen Chatfield.
13:53 of 3rd period - Shot Misses the Net.
13:58 of 3rd period - Off-side.
13:59 of 3rd period - Michael Carcone wins face-off versus Yanni Gourde in neutral zone.
14:15 of 3rd period - Backhand shot by Colin Blackwell.
14:15 of 3rd period - Shot Misses the Net.
14:27 of 3rd period - Luca Del Bel Belluz is hit by Tyler Tucker and loses puck.
15:49 of 3rd period - Jonas Rondbjerg is hit by Adam Klapka and loses puck.
16:06 of 3rd period - Snap shot by Gabriel Szturc.
16:06 of 3rd period - Shot Blocked by Ryan Johnson.
16:08 of 3rd period - Backhand shot by Nico Sturm.
16:08 of 3rd period - Stopped by Colten Ellis with a rebound.
16:10 of 3rd period - Slapshot by Marc Del Gaizo.
16:10 of 3rd period - Stopped by Colten Ellis with a rebound.
16:12 of 3rd period - Slapshot by Marc Del Gaizo.
16:12 of 3rd period - Stopped by Colten Ellis with a rebound.
16:14 of 3rd period - Snap shot by Jonathan Gruden.
16:14 of 3rd period - Shot Misses the Net.
16:16 of 3rd period - Snap shot by Nico Sturm.
16:16 of 3rd period - Goal by Nico Sturm - Peoria Rivermen : 2 - Philadelphia Phantoms : 2.
16:17 of 3rd period - Tyson Kozak wins face-off versus Kai Uchacz in neutral zone.
16:28 of 3rd period - Slapshot by Samuel Johannesson.
16:28 of 3rd period - Stopped by Jaxson Stauber with a rebound.
16:30 of 3rd period - Wrist shot by Marc Gatcomb.
16:30 of 3rd period - Goal by Marc Gatcomb - Peoria Rivermen : 2 - Philadelphia Phantoms : 3.
16:31 of 3rd period - Kai Uchacz wins face-off versus Tyson Kozak in neutral zone.
16:56 of 3rd period - Albert Johansson is hit by Sean Walker and loses puck.
17:19 of 3rd period - Wrist shot by Michael Carcone.
17:19 of 3rd period - Stopped by Jaxson Stauber with a rebound.
17:21 of 3rd period - Slapshot by Samuel Johannesson.
17:21 of 3rd period - Shot Misses the Net.
17:23 of 3rd period - Wrist shot by Ryan Winterton.
17:23 of 3rd period - Goal by Ryan Winterton - Peoria Rivermen : 2 - Philadelphia Phantoms : 4.
17:24 of 3rd period - Tyson Kozak wins face-off versus Jaroslav Chmelar in neutral zone.
17:47 of 3rd period - Minor Penalty to Kai Uchacz for Interference.
17:48 of 3rd period - Oskar Sundqvist wins face-off versus Jacob Quillan in Philadelphia Phantoms zone.
17:49 of 3rd period - Snap shot by Zachary Bolduc.
17:49 of 3rd period - Shot Blocked by Michael Callahan.
17:51 of 3rd period - Slapshot by Marc Del Gaizo.
17:51 of 3rd period - Shot Misses the Net.
17:53 of 3rd period - Slapshot by Marc Del Gaizo.
17:53 of 3rd period - Shot Misses the Net.
17:55 of 3rd period - Slapshot by Marc Del Gaizo.
17:55 of 3rd period - Deflect By Jaroslav Chmelar.
17:55 of 3rd period - Stopped by Colten Ellis with a rebound.
17:59 of 3rd period - Wrist shot by Oskar Sundqvist.
17:59 of 3rd period - Shot Misses the Net.
18:01 of 3rd period - Wrist shot by Oskar Sundqvist.
18:01 of 3rd period - Goal by Oskar Sundqvist - Peoria Rivermen : 3 - Philadelphia Phantoms : 4.
18:02 of 3rd period - Tyson Kozak wins face-off versus Kai Uchacz in neutral zone.
18:05 of 3rd period - Kai Uchacz is hit by Jalen Chatfield and loses puck.
18:16 of 3rd period - Snap shot by Marc Gatcomb.
18:16 of 3rd period - Shot Blocked by Jalen Chatfield.
18:37 of 3rd period - Peoria Rivermen, Jaxson Stauber is pulled from the net.
19:10 of 3rd period - Snap shot by Yanni Gourde.
19:10 of 3rd period - Stopped by Colten Ellis without a rebound.
19:11 of 3rd period - Derek Lalonde call a timeout for Peoria Rivermen.
19:11 of 3rd period - Yanni Gourde wins face-off versus Jaroslav Chmelar in Philadelphia Phantoms zone.
19:23 of 3rd period - Snap shot by Jacob Quillan.
19:23 of 3rd period - Goal by Jacob Quillan - Peoria Rivermen : 3 - Philadelphia Phantoms : 5.
19:23 of 3rd period - Jaxson Stauber from Peoria Rivermen was sent back in the game.
19:24 of 3rd period - Tyson Kozak wins face-off versus Kai Uchacz in neutral zone.
19:39 of 3rd period - Ryan Johnson is hit by Tyson Kozak.
19:58 of 3rd period - Minor Penalty to Jacob Quillan for Roughing.
19:59 of 3rd period - Luca Del Bel Belluz wins face-off versus Zachary Bolduc in Philadelphia Phantoms zone.
Goals for this period are 2 for Peoria Rivermen vs 4 for Philadelphia Phantoms.
Shots for this period are 10 for Peoria Rivermen vs 12 for Philadelphia Phantoms.
Back to the Top